 Dungeon Sprint DCSS version 0.23.2-1-ga50397a6bc (webtiles) character file.

Game seed: 7550013490193496673

608 Kobolds4U the Unseen (level 7, -4/48 HPs)
             Began as a Spriggan Enchanter on May 23, 2019.
             Was an Initiate of Okawaru.
             Slain by a white imp (5 damage)
             ... summoned by a kobold demonologist
             ... while paralysed by a floating eye
             ... in the Dungeon (Sprint I: "Red Sonja").
             The game lasted 00:02:11 (219 turns).

Kobolds4U the Unseen (Spriggan Enchanter)            Turns: 219, Time: 00:02:11

Health: -4/48      AC:  2    Str:  9    XL:     7   Next: 19%
Magic:  16/16      EV:  4    Int: 17    God:    Okawaru [......]
Gold:   334        SH:  0    Dex: 23    Spells: 8/17 levels left

rFire    . . .     SeeInvis +   a - +1 dagger
rCold    . . .     Gourm    .   (shield restricted)
rNeg     . . .     Faith    .   b - +0 robe
rPois    .         Spirit   .   (helmet restricted)
rElec    .         Reflect  .   (no cloak)
rCorr    .         Harm     .   (gloves unavailable)
MR       +....     NoTele   +   (boots unavailable)
Stlth    ..........             (no amulet)
HPRegen  0.16/turn              (no ring)
MPRegen  0.15/turn              (no ring)

@: paralysed, agile, berserking, hasted, heavily drained, very quick
A: very small, unfitting armour, see invisible, herbivore, speed 3, slow
metabolism 2
a: Renounce Religion


You were in the Dungeon.
You worshipped Okawaru.
Okawaru was noncommittal.
You were not hungry.

You visited 1 branch You collected 418 gold pieces.
You spent 84 gold pieces at shops.

Inventory:

Hand Weapons
 a - a +1 dagger (weapon)
Armour
 b - a +0 robe (worn)
 m - a scarf of cloud immunity
Wands
 c - a wand of flame (20)
Scrolls
 j - a scroll of blinking
Potions
 e - a potion of curing
 f - a potion of heal wounds
 h - 2 potions of magic
 k - a potion of invisibility {unknown}
Comestibles
 d - a ration


   Skills:
 - Level 1.1(0.0) Short Blades
 - Level 3.0(1.6) Dodging
 - Level 20.2(18.2) Stealth
 + Level 5.6(4.2) Spellcasting
 + Level 6.2(4.7) Hexes


You had 8 spell levels left.
You knew the following spells:

 Your Spells              Type           Power        Failure   Level  Hunger
a - Corona                Hex            ###....      2%          1    None
b - Ensorcelled Hibernat  Hex/Ice        ##....       9%          2    ##.....
c - Confuse               Hex            ###.....     7%          3    ###....
d - Tukima's Dance        Hex            ###.....     7%          3    ###....

Your spell library contained the following spells:

 Spells                   Type           Power        Failure   Level  Hunger
 Dazzling Spray           Conj/Hex       ##....       17%         3    ###....


Dungeon Overview and Level Annotations

Branches:
Dungeon (1/1)

Altars:
Cheibriados
Dithmenos
Elyvilon
Fedhas
Gozag
Hepliaklqana
Kikubaaqudgha
Makhleb
Nemelex Xobeh
Okawaru
Qazlal
Ru
Sif Muna
Trog
Uskayaw
Vehumet
Wu Jian
Xom
Yredelemnul
Zin
The Shining One
Jiyva
Lugonu

Shops:
D [


Innate Abilities, Weirdness & Mutations

You are very small and have problems with some larger weapons.
You are too small for most types of armour.
You have supernaturally acute eyesight. (SInv)
You are a herbivore.
You cover ground extremely quickly.
You need to consume almost no food.


Message History

The kobold demonologist hits you but does no damage.
You feel drained.
You closely miss the kobold demonologist.
The kobold demonologist is almost dead.
The white imp misses you.
The kobold demonologist looks encouraged for a moment.
You hit the kobold demonologist but do no damage.
The kobold demonologist is almost dead.
The floating eye's view fixates on you. The white imp completely misses you.
You completely miss the kobold demonologist.
The kobold demonologist is almost dead.
The kobold demonologist casts a spell.
The floating eye gazes piercingly through you!
You suddenly lose the ability to move!
The kobold demonologist casts a spell.
The white imp hits you.
* * * LOW HITPOINT WARNING * * *
The white imp freezes you.
You die...

######################
.)'..#.)'..#__#.@KG35#
..#.)'..#..'..'55#K35#
####'#####'#__#### 35+
###..#...#.#### ##
__####..##.#
_____##'#_.+
_.∩...'..._#
_..__##_.#'#
_____###+#(#


You could see 2 sun demons, 2 kobold demonologists, a ynoxinul, a floating eye,
an iron imp, a crimson imp, 2 white imps and an ufetubus.

Vanquished Creatures
  A slime creature (D)
  Sigmund (D)
  A yak (D)
  An ogre (D)
  A jelly (D)
  Ijyb (D)
6 creatures vanquished.

Notes
Turn   | Place    | Note
-------+----------+-------------------------------------------
     0 | D        | Kobolds4U the Spriggan Enchanter began the quest for the
                  | Orb.
     0 | D        | Reached XP level 1. HP: 9/9 MP: 5/5
     1 | D        | Noticed Ijyb
     7 | D        | Killed Ijyb
     7 | D        | Reached skill level 10 in Stealth
     7 | D        | Reached XP level 2. HP: 10/13 MP: 6/6
    74 | D        | Noticed an ogre
    77 | D        | Killed an ogre
    77 | D        | Reached skill level 14 in Stealth
    77 | D        | Reached XP level 3. HP: 16/16 MP: 8/8
    77 | D        | Reached XP level 4. HP: 21/21 MP: 9/9
    86 | D        | Noticed Sigmund
    89 | D        | Killed Sigmund
    89 | D        | Reached skill level 17 in Stealth
    89 | D        | Reached XP level 5. HP: 24/24 MP: 10/10
   102 | D        | Found a burning altar of Makhleb.
   102 | D        | Found a viscous altar of Jiyva.
   102 | D        | Found a shimmering altar of Xom.
   102 | D        | Found a corrupted altar of Lugonu.
   102 | D        | Noticed a slime creature
   105 | D        | Killed a slime creature
   105 | D        | Reached skill level 20 in Stealth
   105 | D        | Reached XP level 6. HP: 28/28 MP: 11/11
   107 | D        | Found an ornate altar of the Wu Jian Council.
   107 | D        | Found a deep blue altar of Sif Muna.
   109 | D        | Found a radiant altar of Vehumet.
   125 | D        | Learned a level 2 spell: Ensorcelled Hibernation
   129 | D        | Learned a level 3 spell: Confuse
   133 | D        | Learned a level 3 spell: Tukima's Dance
   150 | D        | Found Ylit's Armour Emporium.
   150 | D        | Found an ancient bone altar of Kikubaaqudgha.
   150 | D        | Found a hazy altar of Hepliaklqana.
   150 | D        | Found a stormy altar of Qazlal.
   150 | D        | Found a hide-covered altar of Uskayaw.
   150 | D        | Found a blossoming altar of Fedhas.
   150 | D        | Found a bloodstained altar of Trog.
   150 | D        | Found an iron altar of Okawaru.
   150 | D        | Found a basalt altar of Yredelemnul.
   150 | D        | Found a glowing golden altar of the Shining One.
   150 | D        | Found a snail-covered altar of Cheibriados.
   150 | D        | Found a sacrificial altar of Ru.
   150 | D        | Found a glowing silver altar of Zin.
   150 | D        | Found a shadowy altar of Dithmenos.
   150 | D        | Found a white marble altar of Elyvilon.
   150 | D        | Noticed a yak
   151 | D        | Found an opulent altar of Gozag.
   152 | D        | Killed a yak
   152 | D        | Reached skill level 5 in Spellcasting
   152 | D        | Reached XP level 7. HP: 32/32 MP: 12/16
   153 | D        | Found a sparkling altar of Nemelex Xobeh.
   157 | D        | Bought a scarf of cloud immunity for 84 gold pieces
   158 | D        | Became a worshipper of Warmaster Okawaru
   197 | D        | Noticed a kobold demonologist
   197 | D        | Noticed a kobold demonologist
   199 | D        | Noticed an orange demon
   202 | D        | Paralysed by a floating eye for 4 turns
   208 | D        | Noticed a sun demon
   210 | D        | Paralysed by a floating eye for 2 turns
   213 | D        | Noticed a sun demon
   215 | D        | Noticed a ynoxinul
   218 | D        | Paralysed by a floating eye for 2 turns
   219 | D        | HP: 1/48 [white imp[a kobold demonologist] (3)]
   219 | D        | Slain by a white imp

Skill      XL: |  1  2  3  4  5  6 |
---------------+-------------------+-----
Stealth        | 10 14 17 20 | 20.2
Spellcasting   | 5 |  5.6
Hexes          | 6 |  6.2
Short Blades   | |  1.1
Dodging        | |  3.0

Action                   |  1- 3 |  4- 6 |  7- 9 || total
-------------------------+-------+-------+-------++-------
Melee: Dagger            |     5 |     4 |     9 ||    18
Evoke: Wand              |       |       |     3 ||     3
  Use: Potion            |       |       |     3 ||     3
 Stab: Sleeping          |     2 |     4 |       ||     6
Armor: Robe              |       |       |     5 ||     5
Dodge: Dodged            |     2 |       |     8 ||    10
